 Dungeon Crawl Stone Soup version 0.30-a0-847-g17996783a1 (webtiles) character file.

Game seed: 16648909513400146155

51 cforsyth the Sneak (level 4, -3/27 HPs)
             Began as a Kobold Brigand on Mar 3, 2023.
             Killed from afar by Natasha (23 damage)
             ... with a bolt of dispelling energy
             ... on level 2 of the Dungeon.
             The game lasted 00:01:19 (1360 turns).

cforsyth the Sneak (Kobold Brigand)                 Turns: 1360, Time: 00:01:20

Health: -3/27      AC:  4    Str:  8    XL:     4   Next: 7%
Magic:  4/4        EV: 15    Int: 12    God:
Gold:   83         SH:  0    Dex: 18    Spells: 3/3 levels left

rFire   . . .      SeeInvis .    a - +2 dagger
rCold   . . .      Faith    .    (no shield)
rNeg    . . .      Spirit   .    b - +0 robe
rPois   .          Reflect  .    (no helmet)
rElec   .          Rampage  .    c - +0 cloak
rCorr   .                        (no gloves)
Will    .....                    p - +0 pair of boots
Stlth   ++++                     (no amulet)
HPRegen 0.24/turn                (no ring)
MPRegen 0.09/turn                (no ring)

@: no status effects
A: small, no large weapons, nightstalker 3
a: no special abilities


You were on level 2 of the Dungeon.
You visited 1 branch of the dungeon, and saw 2 of its levels.

You collected 83 gold pieces.

Inventory:

Hand Weapons
 a - a +2 dagger (weapon)
Missiles
 d - 11 poisoned darts (quivered)
 e - 3 curare-tipped darts
Armour
 b - a +0 robe (worn)
 c - a +0 cloak (worn)
 p - a +0 pair of boots (worn)
Jewellery
 s - a +5 ring of evasion
 x - an amulet of the acrobat
Scrolls
 g - 2 scrolls of fog {unknown}
 h - a scroll of magic mapping {unknown}
 i - a scroll of torment {unknown}
 j - a scroll of amnesia {unknown}
 k - a scroll of noise {unknown}
 o - a scroll of blinking {unknown}
 q - a scroll of brand weapon {unknown}
 r - a scroll of vulnerability {unknown}
 t - a scroll of identify {unknown}
Potions
 f - a potion of flight {unknown}
 l - a potion of might {unknown}
 m - a potion of magic {unknown}
 n - 2 potions of degeneration {unknown}
 u - 2 potions of attraction {unknown}
 v - a potion of curing {unknown}
 w - a potion of lignification {unknown}


   Skills:
 + Level 2.8 Fighting
 + Level 3.5 Short Blades
 - Level 2.1 Throwing
 + Level 2.3 Dodging
 + Level 5.8 Stealth


You had 3 spell levels left.
You didn't know any spells.
Your spell library was empty.

Dungeon Overview and Level Annotations

Branches:
Dungeon (2/15)

Altars:

Shops:
D:1 (

Annotations:
D:2 Natasha


Innate Abilities, Weirdness & Mutations

You are small and have problems with some larger weapons.
You are completely attuned to the shadows.


Message History

The helpless kobold fails to defend itself.
You impale the kobold!!
You kill the kobold!
A goblin comes into view. It is wielding a +0 dagger.
You see here a +0 short sword.
The helpless dart slug fails to defend itself.
You spit the dart slug like a pig!!!
You kill the dart slug!
You have reached level 4!
The helpless goblin fails to defend itself.
You impale the goblin!!
You kill the goblin!
No target in view!
No target in view!
No target in view!
No target in view!
No target in view!
No target in view!
Things that are here:
a +0 dagger; a goblin corpse
Things that are here:
a +0 dagger; a goblin corpse You see here a +0 short sword.
There is a stone staircase leading down here.
You see here a +0 scale mail.
Natasha, Servant of Life and Death comes into view.
She is carrying a wand of quicksilver (11).
Natasha hisses angrily.
Natasha barely misses you.
You hit Natasha.
Natasha is moderately wounded.
You hit Natasha.
Natasha is heavily wounded.
Natasha stares at you and mumbles some strange words.
The magic dart hits you!
You hit Natasha but do no damage.
Natasha is heavily wounded.
Natasha zaps a wand.
The bolt of dispelling energy hits you!!
Ouch! That really hurt!
You die...

########## #.
.........##
#.######.....#.
#.#............
######.#.####.....##
........# #.....#
###.....#.####.....##
#......<.............
#...@h.......#.....##
#...#####.##.#.....##
#...##....##.###.####
#...##....##.###.####
###.......)......#.....
.......(........##.###
##.)........<......###
## #
#...##...............
#####.# .#
#..###.........######


You could see Natasha.

Vanquished Creatures
  Natasha (D:2)
  2 dart slugs
  2 endoplasms
  2 giant cockroaches
  3 goblins
  A hobgoblin (D:2)
  A quokka (D:1)
  3 ball pythons (D:2)
  2 bats (D:2)
  2 frilled lizards
  3 kobolds (D:2)
  A rat (D:2)
23 creatures vanquished.

Notes
Turn   | Place    | Note
-------+----------+-------------------------------------------
     0 | D:1      | cforsyth the Kobold Brigand began the quest for the Orb.
     0 | D:1      | Reached XP level 1. HP: 12/12 MP: 1/1
   353 | D:1      | Reached XP level 2. HP: 15/18 MP: 2/2
   658 | D:1      | Found Zasajus's Antique Weapon Emporium.
   705 | D:1      | You fall into a shaft and drop 1 floor!
   954 | D:2      | Noticed Natasha
   958 | D:2      | Killed Natasha
   959 | D:2      | Reached XP level 3. HP: 22/22 MP: 3/3
  1289 | D:2      | Reached XP level 4. HP: 27/27 MP: 4/4
  1356 | D:2      | Noticed Natasha
  1360 | D:2      | Killed from afar by Natasha

Illustrated notes

Levels and vault maps discovered:
D:1:      nzn_arrival_settlement, layout_basic, serial_shops, shop
D:2:      layout_loops_ring, uniq_natasha

Skill      XL: |  1  2 |
---------------+-------+-----
Short Blades   | 3 |  3.5
Dodging        | 2 |  2.3
Fighting       | |  2.8
Throwing       | |  2.1
Stealth        | |  5.8

Action                     |  1- 3 |  4- 6 || total
---------------------------+-------+-------++-------
  Melee: Dagger            |    42 |     4 ||    46
   Stab: Sleeping          |    13 |     1 ||    14
 Armour: Robe              |     5 |       ||     5
  Dodge: Dodged            |    17 |     1 ||    18

Table legend: (Time is in decaauts)
 A = Elapsed time spent in this place.
 B = Non-inter-level travel time spent in this place.
 C = Inter-level travel time spent in this place.
 D = Time resting spent in this place.
 E = Time spent auto-exploring this place.
 F = Levels seen in this place.
 G = Mean time per level.
                   A        B        C        D        E       F      G
               +--------+--------+--------+--------+--------+-----+--------+
         Total |   1353 |   1341 |     12 |     16 |   1161 |   2 |  676.5 |
       Dungeon |   1353 |   1341 |     12 |     16 |   1161 |   2 |  676.5 |
               +--------+--------+--------+--------+--------+-----+--------+

Top non-repeatable levels by time:
     D:1: 722 daAuts
     D:2: 630 daAuts
